 Dungeon Crawl Stone Soup version 0.28.0-1-gb440e238dd (webtiles) character file.

Game seed: 17219250485154833099

16 cbfl8 the Sneak (level 2, 0/27 HPs)
             Began as a Minotaur Delver on Feb 28, 2022.
             Was an Initiate of Yredelemnul.
             Slain by an orc warrior (16 damage)
             ... on level 5 of the Dungeon.
             The game lasted 00:01:48 (828 turns).

cbfl8 the Sneak (Minotaur Delver)                    Turns: 828, Time: 00:01:49

Health: 0/27       AC:  5    Str: 16    XL:     2   Next: 37%
Magic:  1/1        EV: 11    Int:  7    God:    Yredelemnul [......]
Gold:   27         SH:  0    Dex: 11    Spells: 1/1 levels left

rFire   . . .      SeeInvis .   f - +0 flail
rCold   . . .      Faith    .   (no shield)
rNeg    . . .      Spirit   .   e - +0 ring mail
rPois   .          Reflect  .   (helmet restricted)
rElec   .          Harm     .   (no cloak)
rCorr   .          Rampage  .   (no gloves)
Will    .....                   (no boots)
Stlth   ++........              (no amulet)
HPRegen 0.09/turn               (no ring)
MPRegen 0.07/turn               (no ring)

@: no status effects
A: horns 2, retaliatory headbutt
a: Renounce Religion, Recall Undead Harvest


You were on level 5 of the Dungeon.
You worshipped Yredelemnul.
Yredelemnul was noncommittal.
You visited 2 branches of the dungeon, and saw 2 of its levels.

You collected 27 gold pieces.

Inventory:

Hand Weapons
 a - a +0 hand axe
 f - a +0 flail (weapon)
Armour
 b - a +0 leather armour
 e - a +0 ring mail (worn)
Wands
 g - a wand of digging (3)
 i - a wand of acid (7)
Scrolls
 c - a scroll of fog
 d - a scroll of magic mapping
 h - a scroll of vulnerability {unknown}


   Skills:
 + Level 3.8 Fighting
 + Level 2.5 Axes
 + Level 0.2 Armour
 + Level 2.3 Dodging
 + Level 4.5 Stealth


You had one spell level left.
You didn't know any spells.
Your spell library was empty.

Dungeon Overview and Level Annotations

Branches:
Dungeon (5/15)             Temple (1/1) D:5

Altars:
Ashenzari
Cheibriados
Dithmenos
Elyvilon
Gozag
Kikubaaqudgha
Nemelex Xobeh
Qazlal
Ru
Sif Muna
Trog
Uskayaw
Vehumet
Wu Jian
Xom
Yredelemnul
Zin
The Shining One

Annotations:
D:5 2 transporters, shayl's ghost, novice HOFi


Innate Abilities, Weirdness & Mutations

You have a pair of horns on your head.
You reflexively headbutt those who attack you in melee.


Message History

You swap places.
Things that are here:
a +0 flail; a +0 leather armour You swap places.
Things that are here:
a +0 flail; a +0 leather armour
Okay, then.
f - a +0 flail
f - a +0 flail (weapon)
You swap places.
You enter the shallow water.
Moving in this stuff is going to be slow.
Why would you want to do that? Why would you want to do that?
Why would you want to do that? Why would you want to do that?
Why would you want to do that? Why would you want to do that?
Why would you want to do that? Why would you want to do that?
Why would you want to do that? Why would you want to do that?
Why would you want to do that? Why would you want to do that?
There is a staircase back to the Dungeon here.
You climb upwards.
Level annotation: 2 transporters, shayl's ghost, novice HOFi
There is a staircase to the Ecumenical Temple, spattered with blood here.
The orc warrior shouts!
You barely miss the orc warrior.
The orc warrior hits you with a +0 scimitar!
You hit the orc warrior but do no damage.
The orc warrior barely misses you.
The orc warrior hits you but does no damage.
You barely miss the orc warrior.
You headbutt the orc warrior, but do no damage.
The orc warrior hits you with a +0 scimitar!
Ouch! That really hurt!
You die...
Your body rises from the dead as a mindless zombie.

#......'....#*###.,#,,###
#......#...###.,,*,,,*,*,
#..........##..#,,***,,*.
#.......[..###..,*,,,*...
#..#...#....####*,,©,,###
#...#.#......###*********
#....>..........,,,©,,,,.
#...#.#.o...#,,,,,,,,,,..
#..#...#@.!.#,,,,,,,,,,..
#...........#,,,,,,,,,,,,
########....#,,******,,,,
######**,,,,,*,,,,
*,,,,,*,,,, *,,,,,*,,,,
*,,,,,*,,,, *,,,,,*****
*,,,,,,,,,,


You could see an orc warrior.

Vanquished Creatures
  An adder (Temple)
  3 orcs (Temple)
4 creatures vanquished.

Notes
Turn   | Place    | Note
-------+----------+-------------------------------------------
     0 | D:5      | cbfl8 the Minotaur Delver began the quest for the Orb.
     0 | D:5      | Reached XP level 1. HP: 19/19 MP: 0/0
    19 | D:5      | Found a transporter.
    22 | D:5      | Noticed a killer bee
    24 | D:5      | Found a transporter.
    24 | D:5      | Noticed shayl's ghost (novice HOFi)
    29 | D:5      | Noticed a hornet
    29 | D:5      | Noticed a killer bee
    62 | D:5      | Noticed a killer bee
    74 | D:5      | Noticed a killer bee
    80 | D:5      | Noticed a killer bee
    90 | D:5      | Noticed an orc warrior
    97 | D:5      | Found a staircase to the Ecumenical Temple.
   106 | Temple   | Entered the Ecumenical Temple
   314 | Temple   | Became a worshipper of Yredelemnul the Dark
   371 | Temple   | Reached XP level 2. HP: 13/27 MP: 1/1
   828 | D:5      | Slain by an orc warrior

Illustrated notes

Levels and vault maps discovered:
D:5:      layout_gridville, okawaru_gym_becter, minmay_temple_entry_crystal_x,
          gammafunk_ghost_hive
Temple:   regret_index_temple_mists

Action                   || total
-------------------------++-------
Melee: Hand axe          ||    19
       Flail             ||     3
       Headbutt          ||     2
  Use: Scroll            ||     2
       Potion            ||     1
Armor: Leather armour    ||     8
       Ring mail         ||     1
Dodge: Dodged            ||    22
